 Dungeon Crawl Stone Soup version 0.32-a0-705-g60f233581c (webtiles) character file.

Game seed: 7643678213177808269

15909 smashvw the Covert (level 12, -8/77 HPs)
             Began as a Kobold Brigand on Mar 14, 2024.
             Was a Believer of Uskayaw.
             Mangled by a moth of wrath (16 damage)
             ... in a Gauntlet.
             The game lasted 00:40:50 (11802 turns).

smashvw the Covert (Kobold Brigand)                Turns: 11802, Time: 00:40:50

Health: -8/77      AC:  8    Str:  9    XL:     12   Next: 63%
Magic:  25/36      EV: 19    Int: 13    God:    Uskayaw [**....]
Gold:   709        SH: 12    Dex: 20    Spells: 11/11 levels left

rFire   . . .        M - +1 dagger (speed)
rCold   . . .        H - +0 kite shield
rNeg    . . .        b - +0 robe
rPois   +            y - +2 helmet of Wonder {Regen+ MP+9}
rElec   .            c - +0 cloak
rCorr   .            E - +0 pair of gloves
SInv    +            S - +0 pair of boots {rampage}
Will    .....        B
                       - Hermit's Pendant {Faith Invo=14 Evo=0 MP+5}
Stlth   ++++++       o - ring of flight
HPRegen 1.12/turn    A - ring of poison resistance
MPRegen 0.25/turn

%: no teleportation, rampage, faith
@: on berserk cooldown, flying, slowed, studying Maces & Flails, very slow
A: small, no large weapons, nightstalker 3, talons 1, see invisible, MP-powered
wands
a: Renounce Religion, Stomp, Line Pass


You were in a Gauntlet.
You worshipped Uskayaw.
Uskayaw was noncommittal.
You visited 2 branches of the dungeon, and saw 12 of its levels.
You also visited: Gauntlet.

You collected 709 gold pieces.

Inventory:

Hand Weapons
 a - a +2 dagger
 t - the +8 hand axe of Virtue {flame, rF+++ Int-3 Dex+8}
   (You found it on level 2 of the Dungeon)

   Int-3:     It affects your intelligence (-3).
   Dex+8:     It affects your dexterity (+8).
   rF+++:     It renders you almost immune to fire.
 L - a +2 dagger of flaming
 M - a +1 dagger of speed (weapon)
Missiles
 d - 8 poisoned darts
 e - 3 curare-tipped darts (quivered)
 g - 11 boomerangs
 s - 42 stones
 u - 5 javelins
 N - a throwing net
Armour
 b - a +0 robe (worn)
 c - a +0 cloak (worn)
 y - the +2 helmet of Wonder (worn) {Regen+ MP+9}
   (You took it off Robin on level 3 of the Dungeon)

   MP+9:      It affects your magic capacity (+9).
   Regen+:    It increases your rate of health regeneration.
 E - a +0 pair of gloves (worn)
 H - a +0 kite shield (worn)
 I - the +18 Lear's hauberk
   (You found it on level 7 of the Dungeon)
 S - a +0 pair of boots of rampaging (worn)
Jewellery
 o - a ring of flight (left hand)
 z - an amulet of reflection
 A - a ring of poison resistance (right hand)
 B - the Hermit's Pendant (around neck) {Faith Invo=14 Evo=0 MP+5}
   (You found it on level 4 of the Dungeon)

   [amulet of faith]

   Invo=14: It sets your Invocations skill to 14.
   Evo=0: It sets your Evocations skill to 0.
   Faith:     It allows you to gain divine favour quickly.
   MP+5:      It affects your magic capacity (+5).
 G - an amulet of the acrobat
 W - a ring of positive energy
Wands
 w - a wand of charming (1)
 O - a wand of digging (1)
 P - a wand of warping (2)
Scrolls
 h - a scroll of teleportation
 k - 4 scrolls of amnesia
 r - a scroll of enchant weapon
 v - a scroll of revelation
 x - 3 scrolls of noise
 D - a scroll of butterflies {unknown}
 F - 2 scrolls of enchant armour {unknown}
 J - a scroll of silence {unknown}
 Q - 2 scrolls of brand weapon {unknown}
 U - 2 scrolls of fog {unknown}
 X - a scroll of blinking {unknown}
Potions
 f - 3 potions of heal wounds
 i - 4 potions of degeneration
 j - a potion of magic {unknown}
 l - 2 potions of cancellation {unknown}
 m - 2 potions of mutation
 n - a potion of might
 p - 3 potions of brilliance
 q - 4 potions of curing {unknown}
 C - 2 potions of resistance {unknown}
 K - 3 potions of berserk rage {unknown}
 R - a potion of enlightenment {unknown}
 V - a potion of invisibility {unknown}
Miscellaneous
 T - a phial of floods


   Skills:
 - Level 10.0 Fighting
 - Level 10.0 Short Blades
 - Level 8.0 Throwing
 - Level 10.0 Dodging
 - Level 10.0 Stealth
 + Level 9.0 Shields


You had 11 spell levels left.
You didn't know any spells.
Your spell library contained the following spells:

 Spells                   Type           Power      Damage    Failure   Level
 Necrotise                Necr           0%         1d4       71%         1
 Blink                    Tloc           0%         N/A       85%         2
 Lesser Beckoning         Tloc           0%         N/A       85%         2
 Momentum Strike          Conj/Tloc      0%         3d8       85%         2
 Vampiric Draining        Necr           0%         2d6       97%         3
 Volatile Blastmotes      Fire/Tloc      0%         2d10      97%         3
 Fulminant Prism          Conj/Alch      0%         3d5       100%        4
 Iskenderun's Mystic Bla  Conj/Tloc      0%         2d3       100%        4
 Martyr's Knell           Necr/Summ      0%         N/A       100%        4
 Curse of Agony           Necr           0%         N/A       100%        5
 Sculpt Simulacrum        Ice/Alch       0%         N/A       100%        6
 Ozocubu's Refrigeration  Ice            0%         4d7       100%        7
 Polar Vortex             Ice            0%         N/A       100%        9


Dungeon Overview and Level Annotations

Branches:
Dungeon (11/15)            Temple (1/1) D:5            Lair (0/5) D:8
Gauntlet (1/1)
    Orc: D:9-12

Altars:
Ashenzari
Cheibriados
Dithmenos
Elyvilon
Fedhas
Gozag
Hepliaklqana
Kikubaaqudgha
Makhleb
Nemelex Xobeh
Okawaru
Qazlal
Ru
Sif Muna
Trog
Uskayaw
Vehumet
Wu Jian
Xom
Yredelemnul
Zin
The Shining One

Portals:
Abyss: D:9

Annotations:
D:9 4 runed translucent doors, 2 transporters, GreenGuy14's ghost, novice CoGl
D:10 4 transporters Gauntlet 13 transporters, 5 runed translucent doors, exclusions: lightning spire and orange crystal statue


Innate Abilities, Weirdness & Mutations

You are small and have problems with some larger weapons.
You are completely attuned to the shadows.
You have sharp toenails.
You have supernaturally acute eyesight. (SInv)
You expend magic power (3 MP) to strengthen your wands.


Message History

The wolf is almost dead.
You block the wolf's attack. x2; The wolf bites you.
The wolf closely misses you. The wolf bites you! The moth of wrath misses you.
The wolf closely misses you. The wolf barely misses you.
The moth of wrath completely misses you.
You block the wolf's attack.
Uskayaw will force your foes to helplessly watch your dance.
You stomp with the beat, sending a shockwave through the revellers around you!
You kill the wolf!
The moth of wrath is almost dead.
You kill the wolf!
The moth of wrath bites you.
* * * LOW HITPOINT WARNING * * *
The moth of wrath completely misses you.
Uskayaw will force your foes to helplessly watch your dance.
Your Shields skill increases to level 9!
You hit the moth of wrath.
The moth of wrath is almost dead.
The moth of wrath bites you!
* * * LOW HITPOINT WARNING * * *
Okay, then.
You hit the moth of wrath.
The moth of wrath is almost dead.
The moth of wrath bites you!
* * * LOW HITPOINT WARNING * * *
You barely miss the moth of wrath.
The moth of wrath is almost dead.
The moth of wrath completely misses you.
You barely miss the moth of wrath.
The moth of wrath is almost dead.
You block the moth of wrath's attack.
Okay, then.
Aiming: Line Pass
Press: ? - help, Dir - move target The moth of wrath appears confused.
You block the moth of wrath's attack.
You barely miss the moth of wrath.
The moth of wrath is almost dead.
The moth of wrath bites you!
You die...
Your body falls in perfect tune with the rhythm.

........©#≈≈§≈ß
###############
ß≈≈#©.........©
###############
.#.#......y..#.#....©
.#.#..##^##..#.#.#...
#..#.#.#..#..#.#.#.##..
#..#.#=#..#©.#.#.#..###
#..#©#@.#####..#.#....©
#..###y#..#..#.#.#..##.
#....#.#..#.†#.#.#.##..
#....#††##^##..#.#.#...
###..#.........#.#.....
#ß#..###########.######
###...................©
#≈...................
###################.∩


You could see a moth of wrath (confused).

Vanquished Creatures
  Josephine (D:11)
  A boulder beetle (D:11)
  2 two-headed ogres
  A tengu warrior (D:9)
  A large abomination (Gauntlet)
  A cyclops (D:7)
  A rime drake (D:8)
  7 trolls
  2 hornets
  Grinder (D:5)
  A shadow (D:11)
  2 vampires (D:10)
  A slime creature (D:7)
  4 wyverns
  14 yaks
  6 wraiths (D:11)
  2 steam dragons (D:8)
  Grum (D:11)
  3 acid dragons
  Duvessa (D:7)
  5 ice beasts (D:8)
  3 orc warriors
  4 small abominations (Gauntlet)
  2 ogres (D:7)
  10 wolves
  4 centaurs
  3 phantoms
  3 kobold brigands
  A bullfrog (D:9)
  2 scorpions
  A wight (D:9)
  Dowan (D:7)
  9 killer bees
  3 howler monkeys (D:9)
  A centaur zombie (D:4)
  2 hounds
  7 orc priests
  3 bombardier beetles
  A gnoll bouda (D:9)
  A human zombie (D:4)
  3 jellies
  3 iguanas
  A sleepcap (D:4)
  8 orc wizards
  A scorpion zombie (D:4)
  A hound zombie (D:4)
  Robin (D:3)
  A howler monkey zombie (D:4)
  11 gnolls
  8 adders
  A shadow imp (D:4)
  4 white imps
  6 ufetubi
  3 adder zombies (D:4)
  An adder skeleton (D:4)
  2 dart slugs
  2 ribbon worms (D:2)
  31 orcs
  5 ball pythons
  5 endoplasms
  2 giant cockroaches
  14 goblins
  9 hobgoblins
  4 jackals (D:1)
  8 kobolds
  4 quokkas
  2 bats (D:1)
  2 frilled lizards
  9 rats
271 creatures vanquished.

Notes
Turn   | Place    | Note
-------+----------+-------------------------------------------
     0 | D:1      | smashvw the Kobold Brigand began the quest for the Orb.
     0 | D:1      | Reached XP level 1. HP: 12/12 MP: 1/1
    62 | D:1      | Reached XP level 2. HP: 18/18 MP: 2/2
   296 | D:1      | Reached XP level 3. HP: 22/22 MP: 3/3
   321 | D:1      | Found a faded altar of an unknown god.
  1388 | D:2      | Identified the +8 hand axe of Virtue {flame, rF+++ Int-3
                  | Dex+8}
  1784 | D:3      | Reached XP level 4. HP: 24/27 MP: 4/4
  2068 | D:3      | Found a hazy altar of Hepliaklqana.
  2195 | D:3      | Found a runed translucent gate.
  2196 | D:3      | Found a runed translucent gate.
  2197 | D:3      | Found a runed translucent gate.
  2311 | D:3      | Identified the +2 helmet of Wonder {Regen+ MP+9}
  2311 | D:3      | Noticed Robin
  2321 | D:3      | Killed Robin
  2322 | D:3      | Reached XP level 5. HP: 29/32 MP: 5/5
  2874 | D:4      | Reached XP level 6. HP: 32/37 MP: 6/6
  2963 | D:4      | Reached XP level 7. HP: 42/42 MP: 7/7
  3014 | D:4      | Found a faded altar of an unknown god.
  3014 | D:4      | Found the Hermit's Pendant {Faith Invo=14 Evo=0 MP+5}
  3341 | D:4      | Found a sacrificial altar of Ru.
  3944 | D:4      | Found an ancient bone altar of Kikubaaqudgha.
  3955 | D:4      | Reached skill level 5 in Short Blades
  4034 | D:4      | Reached XP level 8. HP: 48/48 MP: 18/18
  4264 | D:5      | Entered Level 5 of the Dungeon
  4322 | D:5      | Found a staircase to the Ecumenical Temple.
  4330 | Temple   | Entered the Ecumenical Temple
  4488 | D:5      | Found a hide-covered altar of Uskayaw.
  4493 | D:5      | Became a worshipper of Uskayaw the Reveller
  4522 | D:5      | Reached * piety under Uskayaw
  4527 | D:5      | Reached ** piety under Uskayaw
  4593 | D:5      | Reached *** piety under Uskayaw
  4603 | D:5      | Reached **** piety under Uskayaw
  4604 | D:5      | Reached ***** piety under Uskayaw
  4619 | D:5      | Reached skill level 5 in Dodging
  4620 | D:5      | Noticed Grinder
  4623 | D:5      | Reached ****** piety under Uskayaw
  4633 | D:5      | Reached skill level 5 in Fighting
  4633 | D:5      | Reached skill level 5 in Throwing
  4657 | D:5      | Paralysed by Grinder for 2 turns
  4673 | D:5      | Killed Grinder
  5224 | D:6      | Reached XP level 9. HP: 52/54 MP: 19/19
  5548 | D:6      | Found a white marble altar of Elyvilon.
  5648 | D:7      | Found the +18 Lear's hauberk
  5918 | D:7      | Noticed a cyclops
  5924 | D:7      | Killed a cyclops
  6008 | D:7      | Noticed Dowan
  6014 | D:7      | Noticed Duvessa
  6019 | D:7      | Killed Dowan
  6021 | D:7      | Killed Duvessa
  6800 | D:8      | Reached XP level 10. HP: 61/61 MP: 20/20
  6850 | D:8      | Reached skill level 10 in Stealth
  7036 | D:8      | Noticed a rime drake
  7056 | D:8      | Killed a rime drake
  7301 | D:8      | Found a staircase to the Lair.
  7661 | D:9      | Found a glowing golden altar of the Shining One.
  7753 | D:9      | Found a large runed translucent door.
  7754 | D:9      | Found a large runed translucent door.
  7770 | D:9      | Noticed an efreet
  7773 | D:9      | Found a large runed translucent door.
  7773 | D:9      | Found a large runed translucent door.
  7899 | D:9      | Noticed a kobold demonologist
  7899 | D:9      | Noticed a kobold demonologist
  7901 | D:9      | Noticed a sun demon
  7974 | D:9      | Found a shimmering altar of Xom.
  7982 | D:9      | Found a transporter.
  7991 | D:9      | Found a transporter.
  8065 | D:8      | Gained mutation: You sometimes lose your temper in combat.
                  | [potion of mutation]
  8119 | D:8      | Lost mutation: You sometimes lose your temper in combat.
                  | [potion of mutation]
  8119 | D:8      | Gained mutation: You are partially covered in iridescent
                  | scales. (AC +2) [potion of mutation]
  8119 | D:8      | Gained mutation: You possess an exceptional clarity of
                  | mind. [potion of mutation]
  8119 | D:8      | Gained mutation: Your body sometimes deteriorates upon
                  | taking damage. [potion of mutation]
  8119 | D:8      | Gained mutation: You have supernaturally acute eyesight.
                  | (SInv) [potion of mutation]
  8120 | D:8      | Lost mutation: You possess an exceptional clarity of mind.
                  | [potion of mutation]
  8120 | D:8      | Lost mutation: Your body sometimes deteriorates upon taking
                  | damage. [potion of mutation]
  8120 | D:8      | Lost mutation: You are partially covered in iridescent
                  | scales. (AC +2) [potion of mutation]
  8120 | D:8      | Gained mutation: You have sharp toenails. [potion of
                  | mutation]
  8120 | D:8      | Gained mutation: You expend magic power (3 MP) to
                  | strengthen your wands. [potion of mutation]
  8376 | D:9      | Noticed a toenail golem
  8601 | D:9      | Noticed a glowing orange brain
  8602 | D:9      | Found a one-way gate to the infinite horrors of the Abyss.
  8630 | D:9      | Found a blossoming altar of Fedhas.
  8649 | D:9      | Noticed GreenGuy14's ghost (novice CoGl)
  8800 | D:9      | Noticed a centaur warrior
  8846 | D:9      | Reached XP level 11. HP: 26/69 MP: 21/21
  8890 | D:9      | Reached skill level 10 in Short Blades
  9011 | D:9      | Noticed a tengu warrior
  9082 | D:9      | Killed a tengu warrior
  9357 | D:10     | Entered Level 10 of the Dungeon
  9392 | D:10     | Reached skill level 10 in Dodging
  9591 | D:10     | Reached skill level 10 in Fighting
  9638 | D:10     | Noticed a two-headed ogre
  9651 | D:10     | Killed a two-headed ogre
 10343 | D:10     | Found a transporter.
 10347 | D:10     | Found a transporter.
 10368 | D:10     | Found a transporter.
 10440 | D:10     | Found a transporter.
 10714 | D:11     | Noticed Grum
 10717 | D:11     | Reached skill level 5 in Shields
 10735 | D:11     | Killed Grum
 10879 | D:11     | Reached XP level 12. HP: 41/77 MP: 22/22
 11008 | D:11     | Noticed Josephine
 11011 | D:11     | Killed Josephine
 11048 | D:11     | Noticed a boulder beetle
 11050 | D:11     | Killed a boulder beetle
 11057 | D:11     | Noticed a two-headed ogre
 11066 | D:11     | Killed a two-headed ogre
 11222 | D:11     | Found a gate leading to a gauntlet.
 11232 | Gauntlet | Entered a Gauntlet
 11232 | Gauntlet | Found a transporter.
 11266 | Gauntlet | Found a transporter.
 11268 | Gauntlet | Found the ring of the Hare {EV+10}
 11274 | Gauntlet | Found a transporter.
 11280 | Gauntlet | Found a transporter.
 11302 | Gauntlet | Found a transporter.
 11314 | Gauntlet | Found a transporter.
 11316 | Gauntlet | Noticed a hell beast
 11325 | Gauntlet | Noticed a death yak
 11326 | Gauntlet | Found a transporter.
 11335 | Gauntlet | Noticed a great orb of eyes
 11337 | Gauntlet | Found a runed translucent gate.
 11338 | Gauntlet | Found a transporter.
 11338 | Gauntlet | Found a runed translucent gate.
 11339 | Gauntlet | Found a runed translucent gate.
 11350 | Gauntlet | Found a transporter.
 11362 | Gauntlet | Found a transporter.
 11372 | Gauntlet | Noticed a large abomination
 11421 | Gauntlet | Noticed a death yak
 11422 | Gauntlet | Noticed a death yak
 11423 | Gauntlet | Noticed a death yak
 11425 | Gauntlet | Noticed a death yak
 11523 | Gauntlet | Found a transporter.
 11525 | Gauntlet | Found a transporter.
 11548 | Gauntlet | Found a transporter.
 11612 | Gauntlet | Found a transporter.
 11696 | Gauntlet | Found a transporter.
 11704 | Gauntlet | Found a large runed translucent door.
 11708 | Gauntlet | Found a large runed translucent door.
 11730 | Gauntlet | Found a transporter.
 11802 | Gauntlet | Mangled by a moth of wrath

Illustrated notes

Levels and vault maps discovered:
D:1:      kennysheep_arrival_forest, layout_basic,
          ebering_ecumenical_altar_rust, minivault_24
D:2:      layout_basic, minmay_heptomino_d4
D:3:      layout_basic, nicolae_hepliaklqana_hippocampus, gammafunk_ghost_icy,
          uniq_robin
D:4:      layout_basic, lemuel_mausoleum_altar_kikubaaqudgha,
          mainiacjoe_overflow_surrounded_room, minmay_misc_feat_chi,
          hellmonk_guarded_unrand_hermit
D:5:      layout_loops_ring, nicolae_uskayaw_suspiria,
          minmay_temple_entry_fiery, uniq_grinder
D:6:      layout_basic, general_overflow_altar
D:7:      layout_gridville, minmay_manual_mail, uniq_duvessa
D:8:      layout_loops_cross, hellmonk_lair_entry_icy
D:9:      layout_stronghold, lemuel_coloured_pillars_altar, marbit_many_paths,
          mainiacjoe_overflow_six_doors_small, gammafunk_ghost_abyssal_escape,
          minmay_hollow_rounded_squares
D:10:     minmay_skewed_foursquare, layout_gridville, nicolae_diode_intersection
D:11:     layout_basic, orc_0_dummy, gauntlet_entry_generic,
          grunt_gozag_breadcrumbs, uniq_josephine, uniq_grum, uniq_sonja
Temple:   jpeg_temple_clearing
Gauntlet: gammafunk_gauntlet_one_two_three [gammafunk_gauntlet_arena_split_x,
          nicolae_gauntlet_arena_quarters, gammafunk_gauntlet_arena_chambers,
          nicolae_gauntlet_arena_x, nicolae_gauntlet_arena_blocks,
          minmay_gauntlet_arena_make_your_own_arena,
          gammafunk_gauntlet_arena_crates, gammafunk_gauntlet_arena_teeth,
          gammafunk_gauntlet_arena_open, gauntlet_exit_watery]

Skill      XL: |  1  2  3  4  5  6  7  8  9 10 11 12 |
---------------+-------------------------------------+-----
Short Blades   | 3 4 5 6 8 9 10 | 10.0
Dodging        | 2 3 4 5 7 8 10 | 10.0
Fighting       | 3 4 5 6 8 10 | 10.0
Throwing       | 3 4 5 6 8 |  8.0
Stealth        | 6 7 8 9 10 | 10.0
Shields        | 5 9 |  9.0

Action                     |  1- 3 |  4- 6 |  7- 9 | 10-12 || total
---------------------------+-------+-------+-------+-------++-------
  Melee: Dagger            |   110 |       |    19 |   702 ||   831
         Hand axe          |     8 |    56 |   232 |       ||   296
         Kick              |       |       |       |    34 ||    34
  Throw: Stone             |     5 |     6 |     3 |     7 ||    21
         Dart              |       |       |    11 |    24 ||    35
 Invoke: Line Pass         |       |       |     1 |    10 ||    11
         Stomp             |       |       |       |    19 ||    19
  Evoke: Wand              |       |       |     1 |     1 ||     2
    Use: Scroll            |       |       |     9 |     4 ||    13
         Potion            |       |       |     3 |     4 ||     7
   Stab: Sleeping          |    16 |     9 |    29 |    23 ||    77
         Distracted        |       |     1 |     1 |     2 ||     4
         Paralysed         |       |       |    21 |    35 ||    56
         Confused          |       |       |       |     6 ||     6
 Armour: Robe              |    39 |    28 |   126 |   185 ||   378
         Chain mail        |       |       |       |    44 ||    44
  Dodge: Dodged            |    51 |    42 |   216 |   430 ||   739
  Block: Other             |       |     5 |     2 |       ||     7
         Kite shield       |       |       |       |    25 ||    25

Table legend: (Time is in decaauts)
 A = Elapsed time spent in this place.
 B = Non-inter-level travel time spent in this place.
 C = Inter-level travel time spent in this place.
 D = Time resting spent in this place.
 E = Time spent auto-exploring this place.
 F = Levels seen in this place.
 G = Mean time per level.
                   A        B        C        D        E       F      G
               +--------+--------+--------+--------+--------+-----+--------+
         Total |  11428 |  11105 |    323 |    404 |   8466 |  13 |  879.1 |
       Dungeon |  10877 |  10554 |    323 |    404 |   8347 |  11 |  988.8 |
        Temple |      1 |      1 |      0 |      0 |      0 |   1 |    1.0 |
      Gauntlet |    549 |    549 |      0 |      0 |    119 |   1 |  549.0 |
               +--------+--------+--------+--------+--------+-----+--------+

Top non-repeatable levels by time:
     D:4: 1571 daAuts
     D:9: 1537 daAuts
    D:10: 1191 daAuts
     D:2: 1131 daAuts
     D:3: 998 daAuts
     D:8: 987 daAuts
     D:7: 943 daAuts
     D:5: 847 daAuts
     D:1: 587 daAuts
     D:6: 577 daAuts
Gauntlet: 549 daAuts
    D:11: 502 daAuts
  Temple: 1 daAuts
